[ AOE2 MATCH · #457112937 ]
UnrankedShu vs Muisca
[ REPLAY ANALYSIS · EXTRACTED FROM THE RECORDED GAME ]
Feudal
12:38
Castle
19:15
Imperial
36:50
| APM avg | 18.1 |
| APM peak | 40 |
| eAPM avg | 7.8 |
| Villagers / military | 74 / 105 |
Focus
⚔️ 26.9% · 🌾 73.1%
Skirmisher ×75 · Unknown (1959) ×48 · Unknown (1962) ×32 · Spearman ×30 · Unknown (1942) ×21 · Trade Cart ×7
Feudal
14:11
Castle
32:55
Imperial
—
| APM avg | 16.7 |
| APM peak | 52 |
| eAPM avg | 12.3 |
| Villagers / military | 71 / 117 |
Focus
⚔️ 37.6% · 🌾 62.4%
Skirmisher ×74 · Militia ×16 · Teutonic Knight ×11 · Spearman ×9 · Battering Ram ×4 · Archer ×3
Feudal
11:42
Castle
25:29
Imperial
43:07
| APM avg | 15.2 |
| APM peak | 50 |
| eAPM avg | 10.2 |
| Villagers / military | 52 / 112 |
Focus
⚔️ 33.7% · 🌾 66.3%
Archer ×47 · Skirmisher ×40 · Unknown (2550) ×31 · Petard ×18 · Unknown (2562) ×8 · Unknown (2586) ×8
Feudal
12:08
Castle
18:33
Imperial
39:54
| APM avg | 13.4 |
| APM peak | 44 |
| eAPM avg | 9.0 |
| Villagers / military | 139 / 202 |
Focus
⚔️ 36.4% · 🌾 63.6%
Tarkan ×146 · Cavalry Archer ×50 · Spearman ×6
Feudal
—
Castle
—
Imperial
—
| APM avg | 0.7 |
| APM peak | 15 |
| eAPM avg | 0.4 |
| Villagers / military | 16 / 0 |
Focus
⚔️ 0.0% · 🌾 100.0%
Feudal
12:56
Castle
21:52
Imperial
36:18
| APM avg | 19.3 |
| APM peak | 52 |
| eAPM avg | 16.8 |
| Villagers / military | 159 / 264 |
Focus
⚔️ 42.1% · 🌾 57.9%
Spearman ×140 · Militia ×59 · Steppe Lancer ×33 · Battering Ram ×14 · Scout Cavalry ×9 · Kipchak ×7
Feudal
11:57
Castle
20:11
Imperial
30:09
| APM avg | 12.9 |
| APM peak | 47 |
| eAPM avg | 10.3 |
| Villagers / military | 93 / 234 |
Focus
⚔️ 25.9% · 🌾 74.1%
Militia ×142 · Huskarl ×78 · Trade Cart ×17 · Trebuchet (Packed) ×13 · Monk ×1
Feudal
9:51
Castle
18:21
Imperial
36:38
| APM avg | 20.8 |
| APM peak | 53 |
| eAPM avg | 13.4 |
| Villagers / military | 120 / 130 |
Focus
⚔️ 37.3% · 🌾 62.7%
Mangudai ×117 · Battering Ram ×6 · Mangonel ×2 · Spearman ×2 · Trebuchet (Packed) ×2 · Monk ×1
Match map
Initial resources + every placement click. Lines = walls · curves = elevation contours. ◆ gold · ⬟ stone · ● berries · ✦ relic · ◌ wall gap
Inputs per minute
— Axalon the Everchosen - - Mauroxtraceur
Build order — Axalon the Everchosen
First 150 of 219 actions detected
| 0:11 | Create | Villager (Male) ×4 |
| 0:11 | Create | Villager (Male) ×4 |
| 0:13 | Build | House |
| 0:14 | Build | House |
| 0:15 | Build | House |
| 0:16 | Build | House |
| 1:42 | Create | Villager (Male) |
| 2:23 | Create | Villager (Male) |
| 2:23 | Create | Villager (Male) |
| 2:41 | Create | Villager (Male) |
| 3:12 | Create | Villager (Male) |
| 3:12 | Create | Villager (Male) |
| 3:30 | Build | Lumber Camp |
| 3:34 | Create | Villager (Male) |
| 3:35 | Create | Villager (Male) |
| 4:20 | Create | Villager (Male) ×2 |
| 4:41 | Create | Villager (Male) ×2 |
| 5:08 | Create | Villager (Male) |
| 5:32 | Create | Villager (Male) |
| 5:48 | Create | Villager (Male) |
| 5:48 | Create | Villager (Male) |
| 6:14 | Create | Villager (Male) |
| 6:43 | Build | Mill |
| 6:48 | Create | Villager (Male) ×2 |
| 7:11 | Build | Mining Camp |
| 7:13 | Create | Villager (Male) ×2 |
| 9:33 | Build | Mining Camp |
| 10:25 | Research | Loom |
| 10:26 | Research | Feudal Age |
| 10:29 | Research | Loom |
| 12:38 | Age | Feudal Age |
| 12:40 | Build | Market |
| 12:42 | Build | Blacksmith |
| 13:12 | Build | Mill |
| 13:22 | Research | Double-Bit Axe |
| 13:40 | Research | Horse Collar |
| 14:44 | Build | Barracks |
| 15:17 | Build | House |
| 15:18 | Build | House |
| 16:35 | Research | Castle Age |
| 16:43 | Build | Farm |
| 16:43 | Build | Farm |
| 16:44 | Build | Farm |
| 16:45 | Build | Farm |
| 16:46 | Build | Farm |
| 16:46 | Build | Farm |
| 16:47 | Build | Farm |
| 16:48 | Build | Farm |
| 16:49 | Build | Farm |
| 16:50 | Build | Farm |
| 16:51 | Build | Farm |
| 18:53 | Research | Wheelbarrow |
| 19:15 | Age | Castle Age |
| 19:38 | Build | Siege Workshop |
| 19:55 | Build | Town Center |
| 20:32 | Create | Villager (Male) ×5 |
| 20:39 | Create | Unit 1962 ×4 |
| 21:14 | Build | Town Center |
| 22:03 | Create | Villager (Male) ×5 |
| 22:22 | Create | Unit 1962 |
| 22:37 | Research | Stone Mining |
| 22:38 | Research | Gold Mining |
| 22:41 | Create | Villager (Male) |
| 22:47 | Build | Farm |
| 23:04 | Build | House |
| 23:05 | Build | House |
| 23:18 | Build | Farm |
| 23:22 | Create | Villager (Male) |
| 23:22 | Create | Villager (Male) |
| 23:23 | Create | Villager (Male) |
| 24:06 | Build | Farm |
| 24:12 | Build | House |
| 24:13 | Build | House |
| 24:14 | Build | House |
| 24:27 | Create | Unit 1962 |
| 24:33 | Build | Farm |
| 24:38 | Create | Villager (Male) |
| 24:38 | Create | Villager (Male) |
| 24:41 | Create | Villager (Male) |
| 24:41 | Create | Villager (Male) |
| 25:05 | Build | Farm |
| 25:08 | Create | Villager (Male) |
| 25:08 | Create | Villager (Male) |
| 25:36 | Create | Villager (Male) ×5 |
| 25:43 | Build | Farm |
| 25:59 | Build | Farm |
| 26:38 | Build | Castle |
| 27:01 | Research | Hand Cart |
| 27:10 | Create | Villager (Male) ×5 |
| 27:14 | Create | Unit 1962 |
| 27:14 | Create | Unit 1962 |
| 27:20 | Research | Fletching |
| 27:42 | Research | Bow Saw |
| 27:53 | Build | Lumber Camp |
| 28:03 | Research | Gold Shaft Mining |
| 28:14 | Build | University |
| 28:42 | Research | Heavy Plow |
| 28:47 | Create | Villager (Male) ×5 |
| 29:00 | Build | Mill |
| 29:12 | Build | Farm |
| 29:29 | Create | Villager (Male) ×5 |
| 29:32 | Build | Farm |
| 30:23 | Build | Farm |
| 30:47 | Build | Archery Range |
| 30:56 | Create | Villager (Male) ×5 |
| 31:04 | Build | House |
| 32:48 | Create | Unit 1962 ×5 |
| 32:48 | Create | Unit 1962 ×5 |
| 32:59 | Build | Farm |
| 33:21 | Build | Mining Camp |
| 33:40 | Research | Imperial Age |
| 33:47 | Build | Farm |
| 33:50 | Build | Farm |
| 33:55 | Build | Farm |
| 33:58 | Build | Farm |
| 34:10 | Build | Siege Workshop |
| 34:13 | Build | Barracks |
| 34:20 | Build | Barracks |
| 34:25 | Build | Archery Range |
| 34:28 | Research | Elite Skirmisher (upgrade) |
| 34:30 | Research | Thumb Ring |
| 35:17 | Create | Trade Cart |
| 35:17 | Create | Trade Cart |
| 35:19 | Create | Trade Cart |
| 35:19 | Create | Trade Cart |
| 35:19 | Create | Trade Cart |
| 35:20 | Create | Trade Cart |
| 35:20 | Create | Trade Cart |
| 35:30 | Research | Town Watch |
| 36:50 | Age | Imperial Age |
| 37:05 | Create | Unit 1942 ×2 |
| 37:05 | Create | Unit 1962 |
| 37:15 | Create | Unit 1959 ×5 |
| 37:15 | Create | Unit 1959 ×4 |
| 37:15 | Create | Unit 1959 ×4 |
| 37:26 | Build | House |
| 37:27 | Build | House |
| 37:28 | Build | House |
| 37:29 | Build | House |
| 37:30 | Build | House |
| 37:30 | Build | House |
| 37:31 | Build | House |
| 37:32 | Build | House |
| 37:33 | Build | House |
| 38:38 | Create | Unit 1962 ×4 |
| 38:38 | Create | Unit 1962 ×4 |
| 38:53 | Build | Castle |
| 40:24 | Build | Farm |
| 40:29 | Research | Ballistics |
| 40:30 | Research | Chemistry |
Build order — Mauroxtraceur
First 150 of 314 actions detected
| 0:10 | Build | House |
| 0:11 | Build | House |
| 0:11 | Build | House |
| 0:24 | Build | House |
| 0:27 | Create | Villager (Male) |
| 0:27 | Create | Villager (Male) |
| 0:28 | Create | Villager (Male) |
| 0:28 | Research | Loom |
| 1:58 | Create | Villager (Male) |
| 3:32 | Create | Villager (Male) |
| 3:33 | Create | Villager (Male) |
| 4:27 | Create | Villager (Male) |
| 5:43 | Create | Villager (Male) |
| 6:21 | Build | Lumber Camp |
| 6:25 | Create | Villager (Male) |
| 6:26 | Create | Villager (Male) |
| 7:30 | Create | Villager (Male) |
| 7:33 | Create | Villager (Male) |
| 8:44 | Create | Villager (Male) |
| 8:46 | Create | Villager (Male) |
| 9:19 | Build | House |
| 9:21 | Build | House |
| 9:24 | Build | House |
| 9:30 | Build | House |
| 9:32 | Build | House |
| 9:36 | Build | House |
| 9:38 | Build | House |
| 9:41 | Build | House |
| 9:46 | Build | House |
| 10:27 | Build | House |
| 10:37 | Build | Palisade Wall |
| 10:43 | Build | Building 800 |
| 10:48 | Build | Palisade Wall |
| 11:22 | Build | Mill |
| 12:01 | Research | Feudal Age |
| 12:57 | Build | Farm |
| 14:00 | Build | Mining Camp |
| 14:11 | Age | Feudal Age |
| 14:18 | Create | Villager (Male) |
| 14:19 | Create | Villager (Male) |
| 15:00 | Build | Barracks |
| 15:31 | Build | Farm |
| 15:44 | Research | Double-Bit Axe |
| 16:00 | Create | Villager (Male) |
| 16:01 | Create | Villager (Male) |
| 16:03 | Create | Villager (Male) |
| 16:03 | Create | Villager (Male) |
| 16:16 | Build | House |
| 16:18 | Build | House |
| 16:29 | Research | Man-at-Arms (upgrade) |
| 16:36 | Research | Horse Collar |
| 16:51 | Build | Palisade Wall |
| 17:44 | Build | Blacksmith |
| 17:51 | Build | House |
| 17:54 | Create | Militia |
| 17:54 | Create | Militia |
| 17:55 | Create | Militia |
| 17:56 | Create | Militia |
| 17:58 | Create | Spearman |
| 17:58 | Create | Spearman |
| 17:58 | Create | Militia |
| 17:59 | Create | Militia |
| 17:59 | Create | Militia |
| 17:59 | Create | Spearman |
| 18:00 | Create | Spearman |
| 18:18 | Create | Villager (Male) |
| 18:19 | Create | Villager (Male) |
| 18:19 | Create | Villager (Male) |
| 18:19 | Create | Villager (Male) |
| 18:34 | Build | Farm |
| 18:36 | Build | Farm |
| 18:41 | Build | Farm |
| 19:04 | Build | Farm |
| 19:41 | Build | House |
| 19:42 | Build | House |
| 19:52 | Build | Market |
| 20:00 | Research | Scale Mail Armor |
| 20:13 | Build | Farm |
| 20:23 | Build | Mining Camp |
| 20:55 | Build | House |
| 21:03 | Build | Farm |
| 21:06 | Create | Villager (Male) |
| 21:06 | Create | Villager (Male) |
| 21:06 | Create | Villager (Male) |
| 21:40 | Build | Farm |
| 22:19 | Build | Archery Range |
| 22:20 | Build | Archery Range |
| 22:22 | Build | Archery Range |
| 22:40 | Research | Fletching |
| 22:52 | Build | House |
| 22:56 | Build | House |
| 23:09 | Create | Villager (Male) |
| 23:10 | Create | Villager (Male) |
| 23:10 | Create | Villager (Male) |
| 23:10 | Create | Villager (Male) |
| 23:20 | Create | Skirmisher |
| 23:20 | Create | Skirmisher |
| 23:21 | Create | Skirmisher |
| 23:21 | Create | Skirmisher |
| 23:21 | Create | Skirmisher |
| 23:41 | Build | Watch Tower |
| 23:56 | Build | Lumber Camp |
| 25:09 | Create | Skirmisher |
| 25:09 | Create | Skirmisher |
| 25:09 | Create | Skirmisher |
| 25:10 | Create | Skirmisher |
| 25:10 | Create | Skirmisher |
| 25:50 | Create | Villager (Male) |
| 25:50 | Create | Villager (Male) |
| 26:11 | Build | Archery Range |
| 26:28 | Create | Skirmisher |
| 26:28 | Create | Skirmisher |
| 26:29 | Create | Skirmisher |
| 26:29 | Create | Skirmisher |
| 26:33 | Create | Skirmisher |
| 26:33 | Create | Skirmisher |
| 26:33 | Create | Skirmisher |
| 26:58 | Create | Villager (Male) |
| 26:59 | Create | Villager (Male) |
| 26:59 | Create | Villager (Male) |
| 26:59 | Create | Villager (Male) |
| 27:13 | Build | Farm |
| 27:15 | Build | Farm |
| 27:33 | Create | Villager (Male) |
| 27:33 | Create | Villager (Male) |
| 27:33 | Create | Villager (Male) |
| 28:03 | Build | Farm |
| 28:39 | Build | Farm |
| 28:43 | Create | Villager (Male) |
| 28:43 | Create | Villager (Male) |
| 28:44 | Create | Villager (Male) |
| 29:27 | Build | Farm |
| 29:40 | Build | Farm |
| 30:06 | Build | Farm |
| 30:15 | Research | Castle Age |
| 30:22 | Create | Skirmisher |
| 30:22 | Create | Skirmisher |
| 30:22 | Create | Skirmisher |
| 30:24 | Create | Skirmisher |
| 30:30 | Create | Skirmisher |
| 30:38 | Create | Skirmisher |
| 30:41 | Create | Skirmisher |
| 30:41 | Create | Skirmisher |
| 30:41 | Create | Skirmisher |
| 30:58 | Research | Padded Archer Armor |
| 31:14 | Create | Skirmisher |
| 31:14 | Create | Skirmisher |
| 31:14 | Create | Skirmisher |
| 31:15 | Create | Skirmisher |
| 31:48 | Create | Skirmisher |
Build order — Suteu
First 150 of 218 actions detected
| 0:02 | Create | Villager (Male) |
| 0:02 | Create | Villager (Male) |
| 0:03 | Create | Villager (Male) |
| 0:04 | Build | House |
| 0:07 | Build | House |
| 0:49 | Create | Villager (Male) |
| 1:54 | Build | Settlement |
| 2:22 | Create | Villager (Male) |
| 2:22 | Create | Villager (Male) |
| 3:01 | Create | Villager (Male) |
| 3:34 | Create | Villager (Male) |
| 3:55 | Create | Villager (Male) |
| 4:25 | Create | Villager (Male) |
| 4:38 | Build | Palisade Wall |
| 4:44 | Create | Villager (Male) |
| 5:09 | Build | Settlement |
| 5:44 | Create | Villager (Male) |
| 6:07 | Research | Loom |
| 6:16 | Build | Palisade Wall |
| 6:37 | Create | Villager (Male) |
| 6:59 | Build | Palisade Wall |
| 7:28 | Create | Villager (Male) |
| 7:45 | Build | House |
| 7:47 | Build | House |
| 7:48 | Build | House |
| 8:09 | Build | Palisade Wall |
| 9:14 | Build | Palisade Wall |
| 9:32 | Research | Feudal Age |
| 9:44 | Build | Palisade Wall |
| 9:50 | Build | Barracks |
| 10:00 | Build | Palisade Gate |
| 10:41 | Build | Palisade Wall |
| 11:07 | Build | Settlement |
| 11:26 | Create | Unit 2550 |
| 11:42 | Age | Feudal Age |
| 11:47 | Research | Double-Bit Axe |
| 11:51 | Research | Horse Collar |
| 11:53 | Create | Villager (Male) |
| 11:53 | Create | Villager (Male) |
| 12:27 | Create | Villager (Male) |
| 12:48 | Build | Farm |
| 13:10 | Build | Farm |
| 13:13 | Build | Farm |
| 13:15 | Create | Villager (Male) |
| 13:15 | Create | Villager (Male) |
| 13:46 | Build | Farm |
| 13:57 | Research | Stone Mining |
| 14:05 | Create | Villager (Male) |
| 14:09 | Build | Farm |
| 14:31 | Create | Villager (Male) |
| 14:58 | Build | Archery Range |
| 15:06 | Research | Town Watch |
| 15:34 | Create | Villager (Male) |
| 15:57 | Build | Blacksmith |
| 16:04 | Create | Spearman |
| 16:09 | Create | Archer |
| 16:09 | Create | Archer |
| 16:09 | Create | Archer |
| 16:44 | Research | Fletching |
| 16:48 | Create | Archer |
| 16:54 | Create | Villager (Male) |
| 17:25 | Build | Archery Range |
| 17:51 | Research | Gold Mining |
| 17:59 | Create | Villager (Male) |
| 18:29 | Build | Farm |
| 18:31 | Create | Archer |
| 18:31 | Create | Archer |
| 18:32 | Create | Archer |
| 18:57 | Create | Archer |
| 18:58 | Create | Archer |
| 19:19 | Create | Villager (Male) |
| 19:35 | Create | Archer |
| 19:48 | Build | Farm |
| 20:29 | Build | Palisade Wall |
| 20:39 | Build | Farm |
| 20:46 | Build | Farm |
| 20:48 | Build | Farm |
| 20:51 | Build | Farm |
| 22:49 | Research | Castle Age |
| 22:55 | Create | Archer ×5 |
| 23:41 | Build | House |
| 23:42 | Build | House |
| 23:42 | Build | House |
| 23:42 | Build | House |
| 25:29 | Age | Castle Age |
| 25:34 | Create | Skirmisher ×5 |
| 25:34 | Create | Skirmisher ×5 |
| 25:37 | Create | Skirmisher ×5 |
| 25:37 | Create | Skirmisher ×5 |
| 25:45 | Research | Bodkin Arrow |
| 25:56 | Build | Castle |
| 25:59 | Create | Villager (Male) |
| 26:00 | Create | Villager (Male) |
| 26:34 | Research | Bow Saw |
| 26:58 | Research | Tech 1402 |
| 28:00 | Build | Town Center |
| 28:04 | Create | Villager (Male) |
| 28:04 | Create | Villager (Male) |
| 28:04 | Create | Villager (Male) |
| 28:16 | Create | Unit 2562 |
| 28:28 | Research | Heavy Plow |
| 29:41 | Create | Villager (Male) |
| 29:41 | Create | Villager (Male) |
| 29:41 | Create | Villager (Male) |
| 30:10 | Research | Elite Skirmisher (upgrade) |
| 30:25 | Build | Farm |
| 30:28 | Create | Villager (Male) |
| 30:28 | Create | Villager (Male) |
| 30:28 | Create | Villager (Male) |
| 30:35 | Research | Wheelbarrow |
| 30:51 | Build | Farm |
| 30:54 | Research | Padded Archer Armor |
| 31:10 | Build | Siege Workshop |
| 31:19 | Build | Farm |
| 31:47 | Build | Stone Wall |
| 31:50 | Create | Battering Ram |
| 32:03 | Research | Crossbowman (upgrade) |
| 32:26 | Create | Villager (Male) |
| 32:30 | Build | Farm |
| 32:53 | Research | Tech 1351 |
| 33:18 | Create | Battering Ram |
| 33:27 | Create | Battering Ram |
| 34:17 | Create | Skirmisher ×5 |
| 34:17 | Create | Skirmisher ×5 |
| 34:49 | Build | Stone Wall |
| 35:00 | Create | Unit 2550 ×5 |
| 35:31 | Research | Town Patrol |
| 35:32 | Create | Battering Ram |
| 35:36 | Create | Villager (Male) |
| 35:37 | Create | Villager (Male) |
| 35:37 | Create | Villager (Male) |
| 35:37 | Create | Villager (Male) |
| 35:37 | Create | Villager (Male) |
| 35:42 | Create | Unit 2562 ×3 |
| 37:35 | Build | Stone Wall |
| 38:16 | Create | Unit 2550 |
| 38:16 | Create | Unit 2550 |
| 38:16 | Create | Unit 2550 |
| 38:17 | Create | Unit 2550 |
| 38:26 | Build | Barracks |
| 38:30 | Build | Barracks |
| 38:31 | Create | Battering Ram |
| 38:31 | Create | Battering Ram |
| 39:57 | Research | Imperial Age |
| 40:00 | Create | Villager (Male) |
| 40:00 | Create | Villager (Male) |
| 40:00 | Create | Villager (Male) |
| 40:07 | Build | Monastery |
| 40:10 | Research | Gold Shaft Mining |
| 40:14 | Create | Unit 2562 ×4 |
Build order — Necromancer
First 150 of 255 actions detected
| 0:25 | Create | Villager (Male) ×4 |
| 0:43 | Research | Loom |
| 1:31 | Create | Villager (Male) |
| 2:13 | Create | Villager (Male) |
| 2:40 | Create | Villager (Male) |
| 3:15 | Create | Villager (Male) |
| 3:29 | Create | Villager (Male) |
| 4:03 | Create | Villager (Male) |
| 4:20 | Create | Villager (Male) |
| 4:40 | Create | Villager (Male) |
| 5:01 | Create | Villager (Male) |
| 5:40 | Create | Villager (Male) |
| 5:42 | Create | Villager (Male) |
| 5:43 | Create | Villager (Male) |
| 5:43 | Create | Villager (Male) |
| 6:11 | Build | Mill |
| 6:34 | Create | Villager (Male) |
| 7:23 | Build | Mining Camp |
| 7:53 | Build | Lumber Camp |
| 8:39 | Create | Villager (Male) |
| 8:40 | Create | Villager (Male) |
| 9:58 | Research | Feudal Age |
| 12:08 | Age | Feudal Age |
| 13:00 | Build | Farm |
| 13:06 | Build | Market |
| 13:08 | Build | Blacksmith |
| 13:54 | Build | Mill |
| 14:21 | Build | Farm |
| 15:53 | Research | Castle Age |
| 16:16 | Research | Double-Bit Axe |
| 16:17 | Research | Gold Mining |
| 16:27 | Create | Villager (Male) |
| 17:19 | Build | Farm |
| 18:33 | Age | Castle Age |
| 18:47 | Build | Town Center |
| 18:56 | Build | Town Center |
| 19:44 | Create | Villager (Male) ×5 |
| 19:56 | Create | Villager (Male) ×2 |
| 20:12 | Create | Villager (Male) ×2 |
| 20:15 | Build | Farm |
| 20:25 | Build | Farm |
| 20:44 | Build | Farm |
| 20:46 | Build | Farm |
| 20:52 | Build | Farm |
| 21:00 | Create | Villager (Male) |
| 21:08 | Build | Farm |
| 21:19 | Build | Farm |
| 21:38 | Build | Farm |
| 21:51 | Create | Villager (Male) |
| 21:54 | Create | Villager (Male) |
| 22:21 | Build | Town Center |
| 22:31 | Create | Villager (Male) |
| 22:32 | Create | Villager (Male) |
| 22:42 | Build | Farm |
| 22:50 | Build | Farm |
| 22:58 | Create | Villager (Male) |
| 23:38 | Build | Farm |
| 23:41 | Create | Villager (Male) |
| 23:42 | Create | Villager (Male) |
| 23:46 | Research | Wheelbarrow |
| 23:51 | Create | Villager (Male) |
| 24:21 | Create | Villager (Male) |
| 24:21 | Create | Villager (Male) |
| 24:38 | Create | Villager (Male) |
| 24:39 | Create | Villager (Male) |
| 24:49 | Create | Villager (Male) |
| 25:22 | Create | Villager (Male) |
| 25:22 | Create | Villager (Male) |
| 25:53 | Build | Barracks |
| 25:55 | Build | Barracks |
| 25:56 | Build | Barracks |
| 26:05 | Create | Villager (Male) ×4 |
| 26:10 | Build | Farm |
| 26:13 | Build | Farm |
| 26:16 | Create | Villager (Male) |
| 26:20 | Build | Farm |
| 26:22 | Create | Villager (Male) |
| 26:33 | Create | Villager (Male) |
| 26:35 | Create | Villager (Male) |
| 26:44 | Create | Villager (Male) ×2 |
| 26:57 | Build | Farm |
| 27:05 | Create | Villager (Male) ×2 |
| 27:10 | Build | Farm |
| 27:15 | Create | Villager (Male) |
| 27:15 | Create | Villager (Male) |
| 27:22 | Build | Farm |
| 27:26 | Create | Villager (Male) |
| 27:27 | Create | Villager (Male) |
| 27:28 | Create | Villager (Male) |
| 27:31 | Build | Farm |
| 27:44 | Research | Horse Collar |
| 27:51 | Build | Farm |
| 28:28 | Build | Farm |
| 28:34 | Build | Farm |
| 28:36 | Create | Villager (Male) |
| 28:36 | Create | Villager (Male) |
| 28:40 | Create | Villager (Male) |
| 28:40 | Create | Villager (Male) |
| 29:02 | Build | Castle |
| 29:08 | Build | Stable |
| 29:09 | Build | Stable |
| 29:10 | Build | Stable |
| 29:20 | Build | Farm |
| 29:44 | Build | Farm |
| 29:53 | Build | Lumber Camp |
| 30:07 | Create | Villager (Male) ×5 |
| 30:11 | Build | Farm |
| 30:22 | Create | Villager (Male) |
| 30:23 | Create | Villager (Male) |
| 30:23 | Create | Villager (Male) |
| 30:23 | Create | Villager (Male) |
| 30:29 | Build | Farm |
| 31:03 | Create | Villager (Male) ×5 |
| 31:07 | Build | Farm |
| 31:11 | Build | Farm |
| 31:13 | Create | Villager (Male) ×5 |
| 31:13 | Create | Villager (Male) ×5 |
| 31:14 | Create | Villager (Male) ×5 |
| 31:41 | Research | Pikeman (upgrade) |
| 31:42 | Create | Spearman ×3 |
| 32:12 | Research | Squires |
| 32:12 | Research | Arson |
| 32:17 | Build | Farm |
| 32:20 | Build | Farm |
| 32:23 | Build | Farm |
| 32:25 | Build | Farm |
| 32:32 | Build | Farm |
| 32:46 | Build | Farm |
| 32:49 | Build | Farm |
| 33:01 | Build | Stable |
| 33:03 | Build | Stable |
| 33:06 | Build | Stable |
| 33:10 | Research | Bloodlines |
| 33:11 | Research | Husbandry |
| 33:17 | Build | Farm |
| 33:22 | Build | Farm |
| 33:30 | Create | Villager (Male) ×5 |
| 33:57 | Build | Mining Camp |
| 34:07 | Research | Marauders |
| 34:18 | Create | Tarkan ×5 |
| 34:20 | Create | Tarkan ×5 |
| 34:23 | Build | Farm |
| 34:32 | Research | Bow Saw |
| 34:40 | Research | Forging |
| 34:40 | Research | Scale Barding Armor |
| 34:55 | Create | Villager (Male) ×5 |
| 35:06 | Create | Tarkan ×2 |
| 35:11 | Create | Spearman ×2 |
| 35:13 | Create | Spearman |
| 36:01 | Build | Castle |
Build order — ostiinn
13 actions detected in the replay
| 0:07 | Research | Loom |
| 0:08 | Create | Villager (Male) ×4 |
| 0:08 | Create | Villager (Male) ×4 |
| 0:12 | Build | House |
| 0:15 | Build | House |
| 0:18 | Build | House |
| 0:27 | Build | House |
| 2:25 | Build | Settlement |
| 2:26 | Create | Villager (Male) ×3 |
| 2:56 | Build | Settlement |
| 3:52 | Create | Villager (Male) ×2 |
| 3:53 | Create | Villager (Male) ×2 |
| 4:09 | Create | Villager (Male) |
Build order — Kloxy
First 150 of 595 actions detected
| 0:09 | Research | Loom |
| 0:09 | Create | Villager (Male) |
| 0:09 | Create | Villager (Male) |
| 0:14 | Build | House |
| 0:16 | Build | House |
| 0:18 | Create | Villager (Male) |
| 0:18 | Create | Villager (Male) |
| 0:18 | Create | Villager (Male) |
| 1:15 | Build | House |
| 1:45 | Create | Villager (Male) |
| 2:29 | Create | Villager (Male) |
| 3:01 | Create | Villager (Male) |
| 3:25 | Create | Villager (Male) |
| 3:25 | Create | Villager (Male) |
| 3:38 | Build | Lumber Camp |
| 3:56 | Create | Villager (Male) |
| 3:56 | Create | Villager (Male) |
| 4:18 | Create | Villager (Male) |
| 5:17 | Create | Villager (Male) |
| 5:17 | Create | Villager (Male) |
| 5:17 | Create | Villager (Male) |
| 5:28 | Build | Mill |
| 5:58 | Build | House |
| 6:28 | Build | House |
| 6:29 | Build | House |
| 6:37 | Create | Villager (Male) |
| 6:37 | Create | Villager (Male) |
| 6:37 | Create | Villager (Male) |
| 7:32 | Build | Farm |
| 7:38 | Create | Villager (Male) |
| 7:52 | Build | House |
| 7:58 | Create | Villager (Male) |
| 8:28 | Create | Villager (Male) |
| 8:38 | Build | House |
| 8:45 | Create | Villager (Male) |
| 8:46 | Create | Villager (Male) |
| 9:21 | Create | Villager (Male) |
| 10:04 | Create | Villager (Male) |
| 10:46 | Research | Feudal Age |
| 10:47 | Research | Feudal Age |
| 11:14 | Build | Mining Camp |
| 12:02 | Build | Farm |
| 12:02 | Build | Farm |
| 12:03 | Build | Farm |
| 12:04 | Build | Farm |
| 12:05 | Build | Farm |
| 12:06 | Build | Farm |
| 12:42 | Build | Barracks |
| 12:56 | Age | Feudal Age |
| 12:57 | Research | Wheelbarrow |
| 12:57 | Research | Wheelbarrow |
| 12:58 | Create | Villager (Male) |
| 12:58 | Create | Villager (Male) |
| 12:58 | Create | Villager (Male) |
| 13:11 | Build | Farm |
| 13:12 | Build | Farm |
| 13:13 | Build | Farm |
| 13:40 | Create | Villager (Male) |
| 13:53 | Build | Watch Tower |
| 14:22 | Build | Mining Camp |
| 14:27 | Create | Villager (Male) |
| 14:34 | Research | Double-Bit Axe |
| 14:44 | Create | Spearman |
| 14:44 | Create | Spearman |
| 15:01 | Create | Villager (Male) |
| 15:01 | Create | Villager (Male) |
| 16:07 | Build | Town Center |
| 16:14 | Create | Villager (Male) |
| 16:33 | Create | Villager (Male) |
| 16:33 | Create | Villager (Male) |
| 16:56 | Build | Blacksmith |
| 17:07 | Build | Blacksmith |
| 17:19 | Build | Market |
| 17:24 | Create | Villager (Male) |
| 18:12 | Create | Villager (Male) |
| 18:20 | Build | Farm |
| 19:01 | Build | Lumber Camp |
| 19:07 | Research | Castle Age |
| 19:19 | Build | Farm |
| 19:54 | Create | Villager (Male) |
| 19:55 | Create | Villager (Male) |
| 19:55 | Create | Villager (Male) |
| 19:55 | Create | Villager (Male) |
| 20:22 | Build | Lumber Camp |
| 20:56 | Build | Stable |
| 21:02 | Build | Stable |
| 21:09 | Create | Villager (Male) |
| 21:10 | Create | Villager (Male) |
| 21:16 | Research | Horse Collar |
| 21:26 | Build | House |
| 21:27 | Build | House |
| 21:30 | Build | House |
| 21:43 | Create | Villager (Male) |
| 21:43 | Create | Villager (Male) |
| 21:52 | Age | Castle Age |
| 22:01 | Build | Town Center |
| 22:09 | Create | Villager (Male) |
| 22:10 | Create | Villager (Male) |
| 22:40 | Build | Town Center |
| 22:54 | Research | Hand Cart |
| 23:12 | Create | Villager (Male) |
| 23:12 | Create | Villager (Male) |
| 23:37 | Create | Villager (Male) |
| 23:38 | Create | Villager (Male) |
| 23:38 | Create | Villager (Male) |
| 23:43 | Build | Farm |
| 24:12 | Build | Farm |
| 24:17 | Create | Villager (Male) |
| 24:18 | Create | Villager (Male) |
| 24:18 | Create | Villager (Male) |
| 24:32 | Build | House |
| 24:33 | Build | House |
| 24:35 | Build | House |
| 24:42 | Build | Farm |
| 24:48 | Build | Farm |
| 25:03 | Build | Castle |
| 25:05 | Create | Villager (Male) |
| 25:05 | Create | Villager (Male) |
| 25:10 | Create | Villager (Male) |
| 25:19 | Build | Farm |
| 25:19 | Build | Farm |
| 25:34 | Create | Villager (Male) |
| 25:34 | Create | Villager (Male) |
| 25:49 | Build | Siege Workshop |
| 25:50 | Build | Siege Workshop |
| 25:57 | Create | Villager (Male) |
| 25:57 | Create | Villager (Male) |
| 25:57 | Create | Villager (Male) |
| 26:02 | Create | Villager (Male) |
| 26:08 | Create | Villager (Male) |
| 26:09 | Create | Villager (Male) |
| 26:14 | Research | Fletching |
| 26:24 | Build | House |
| 26:32 | Build | Farm |
| 26:32 | Build | Farm |
| 26:40 | Create | Villager (Male) |
| 26:41 | Create | Villager (Male) |
| 26:43 | Create | Villager (Male) |
| 26:43 | Create | Villager (Male) |
| 26:51 | Build | Farm |
| 27:00 | Create | Villager (Male) |
| 27:00 | Create | Villager (Male) |
| 27:00 | Create | Villager (Male) |
| 27:07 | Build | House |
| 27:08 | Build | House |
| 27:13 | Create | Villager (Male) |
| 27:30 | Create | Battering Ram |
| 27:30 | Create | Battering Ram |
| 27:40 | Build | Stable |
| 27:50 | Build | Castle |
Build order — Lunkan
First 150 of 328 actions detected
| 0:03 | Build | House |
| 0:04 | Build | House |
| 0:25 | Create | Villager (Male) |
| 0:26 | Create | Villager (Male) |
| 0:26 | Create | Villager (Male) |
| 0:26 | Create | Villager (Male) |
| 0:26 | Create | Villager (Male) |
| 1:52 | Create | Villager (Male) |
| 2:28 | Create | Villager (Male) |
| 2:28 | Create | Villager (Male) |
| 2:38 | Build | Lumber Camp |
| 2:40 | Create | Villager (Male) |
| 3:33 | Create | Villager (Male) |
| 3:33 | Create | Villager (Male) |
| 3:43 | Create | Villager (Male) |
| 3:43 | Create | Villager (Male) |
| 3:43 | Create | Villager (Male) |
| 3:46 | Build | House |
| 4:51 | Create | Villager (Male) |
| 4:51 | Create | Villager (Male) |
| 5:09 | Create | Villager (Male) |
| 5:09 | Create | Villager (Male) |
| 5:09 | Create | Villager (Male) |
| 5:24 | Build | Mill |
| 5:39 | Build | House |
| 5:49 | Create | Villager (Male) |
| 6:24 | Research | Loom |
| 6:26 | Create | Villager (Male) |
| 6:26 | Create | Villager (Male) |
| 6:26 | Create | Villager (Male) |
| 7:02 | Create | Villager (Male) |
| 7:02 | Create | Villager (Male) |
| 8:01 | Create | Villager (Male) |
| 8:09 | Build | House |
| 8:33 | Create | Villager (Male) |
| 9:19 | Create | Villager (Male) |
| 9:19 | Create | Villager (Male) |
| 9:48 | Research | Feudal Age |
| 9:52 | Build | Mining Camp |
| 10:21 | Create | Villager (Male) |
| 10:21 | Create | Villager (Male) |
| 11:38 | Create | Villager (Male) |
| 11:39 | Create | Villager (Male) |
| 11:57 | Age | Feudal Age |
| 12:02 | Research | Horse Collar |
| 12:08 | Research | Double-Bit Axe |
| 12:09 | Create | Villager (Male) |
| 12:19 | Build | Blacksmith |
| 12:24 | Build | Market |
| 12:26 | Create | Villager (Male) |
| 12:32 | Build | Farm |
| 12:47 | Build | House |
| 12:49 | Build | House |
| 12:50 | Build | House |
| 12:51 | Build | House |
| 12:55 | Build | Farm |
| 13:13 | Build | Mining Camp |
| 13:18 | Build | Farm |
| 13:22 | Build | Farm |
| 13:24 | Build | Farm |
| 13:44 | Build | Farm |
| 13:52 | Build | Farm |
| 13:57 | Build | Farm |
| 14:05 | Build | Farm |
| 14:23 | Create | Villager (Male) |
| 14:30 | Build | Farm |
| 14:38 | Build | Farm |
| 14:51 | Create | Villager (Male) |
| 14:59 | Build | Farm |
| 15:20 | Create | Villager (Male) |
| 15:28 | Build | Farm |
| 15:39 | Create | Villager (Male) |
| 16:03 | Build | Farm |
| 16:05 | Create | Villager (Male) |
| 16:18 | Build | Farm |
| 16:37 | Create | Villager (Male) |
| 16:44 | Build | Farm |
| 17:03 | Create | Villager (Male) |
| 17:07 | Build | Farm |
| 17:31 | Research | Castle Age |
| 17:36 | Build | Farm |
| 18:33 | Create | Villager (Male) |
| 18:34 | Create | Villager (Male) |
| 20:10 | Create | Villager (Male) |
| 20:11 | Age | Castle Age |
| 20:17 | Research | Heavy Plow |
| 20:20 | Research | Bow Saw |
| 20:46 | Build | Town Center |
| 20:55 | Build | Castle |
| 21:03 | Create | Villager (Male) |
| 21:04 | Create | Villager (Male) |
| 21:04 | Create | Villager (Male) |
| 21:10 | Build | Farm |
| 21:12 | Build | Farm |
| 21:18 | Build | Farm |
| 21:21 | Create | Villager (Male) |
| 21:36 | Build | Farm |
| 21:57 | Build | Barracks |
| 22:13 | Research | Forging |
| 22:14 | Research | Scale Mail Armor |
| 22:25 | Build | Farm |
| 22:28 | Build | Farm |
| 22:55 | Build | Farm |
| 23:03 | Build | Farm |
| 23:05 | Create | Villager (Male) |
| 23:11 | Build | Farm |
| 23:14 | Create | Villager (Male) |
| 23:15 | Create | Villager (Male) |
| 23:15 | Create | Villager (Male) |
| 23:15 | Create | Villager (Male) |
| 23:15 | Create | Villager (Male) |
| 23:16 | Create | Villager (Male) |
| 23:16 | Create | Villager (Male) |
| 23:16 | Create | Villager (Male) |
| 23:17 | Create | Villager (Male) |
| 23:17 | Create | Villager (Male) |
| 23:17 | Create | Villager (Male) |
| 23:31 | Build | House |
| 23:32 | Build | House |
| 23:34 | Build | House |
| 23:36 | Build | House |
| 23:37 | Build | House |
| 23:46 | Research | Pikeman (upgrade) |
| 23:47 | Research | Man-at-Arms (upgrade) |
| 23:47 | Research | Squires |
| 23:59 | Research | Wheelbarrow |
| 23:59 | Research | Town Watch |
| 24:14 | Build | Monastery |
| 24:23 | Build | Farm |
| 24:28 | Create | Villager (Male) |
| 24:28 | Create | Villager (Male) |
| 24:54 | Research | Anarchy |
| 25:04 | Create | Villager (Male) |
| 25:04 | Create | Villager (Male) |
| 25:38 | Build | Barracks |
| 26:17 | Create | Monk |
| 26:17 | Research | Fervor |
| 26:44 | Research | Imperial Age |
| 26:59 | Build | Mining Camp |
| 27:15 | Research | Long Swordsman (upgrade) |
| 28:11 | Create | Villager (Male) |
| 28:12 | Create | Villager (Male) |
| 28:12 | Create | Villager (Male) |
| 28:12 | Create | Villager (Male) |
| 28:13 | Create | Villager (Male) |
| 28:17 | Create | Villager (Male) |
| 28:19 | Create | Villager (Male) |
| 28:28 | Build | Lumber Camp |
| 29:00 | Build | University |
| 29:22 | Research | Iron Casting |
Build order — 绿色火龙果
First 150 of 389 actions detected
| 0:03 | Create | Villager (Male) |
| 0:03 | Create | Villager (Male) |
| 0:03 | Create | Villager (Male) |
| 0:05 | Build | House |
| 0:06 | Build | House |
| 0:13 | Create | Villager (Male) |
| 0:14 | Create | Villager (Male) |
| 0:14 | Create | Villager (Male) |
| 1:47 | Build | Lumber Camp |
| 1:51 | Create | Villager (Male) |
| 1:51 | Create | Villager (Male) |
| 1:51 | Create | Villager (Male) |
| 2:07 | Create | Villager (Male) |
| 2:08 | Create | Villager (Male) |
| 2:37 | Create | Villager (Male) |
| 2:47 | Create | Villager (Male) |
| 3:23 | Create | Villager (Male) |
| 3:35 | Build | House |
| 3:52 | Create | Villager (Male) |
| 3:52 | Create | Villager (Male) |
| 3:52 | Create | Villager (Male) |
| 3:53 | Create | Villager (Male) |
| 4:24 | Create | Villager (Male) |
| 4:25 | Create | Villager (Male) |
| 4:25 | Create | Villager (Male) |
| 4:28 | Build | Mill |
| 5:04 | Create | Villager (Male) |
| 5:06 | Create | Villager (Male) |
| 5:06 | Create | Villager (Male) |
| 5:42 | Build | House |
| 5:58 | Create | Villager (Male) |
| 6:32 | Research | Loom |
| 7:16 | Create | Villager (Male) |
| 7:17 | Create | Villager (Male) |
| 7:39 | Research | Feudal Age |
| 8:58 | Build | Mining Camp |
| 9:06 | Build | Barracks |
| 9:31 | Create | Villager (Male) |
| 9:32 | Create | Villager (Male) |
| 9:51 | Age | Feudal Age |
| 10:21 | Build | Farm |
| 10:29 | Research | Horse Collar |
| 10:47 | Build | Farm |
| 10:49 | Create | Villager (Male) |
| 10:53 | Create | Villager (Male) |
| 11:00 | Research | Double-Bit Axe |
| 11:20 | Build | Farm |
| 11:41 | Create | Villager (Male) |
| 11:45 | Build | Farm |
| 12:02 | Build | Farm |
| 12:05 | Build | Farm |
| 12:13 | Build | House |
| 12:22 | Create | Villager (Male) |
| 12:52 | Build | Farm |
| 12:53 | Create | Villager (Male) |
| 12:56 | Create | Villager (Male) |
| 13:16 | Build | Mining Camp |
| 13:24 | Build | Farm |
| 13:37 | Create | Villager (Male) |
| 14:10 | Create | Villager (Male) |
| 14:23 | Build | Farm |
| 14:36 | Build | Blacksmith |
| 14:45 | Build | Archery Range |
| 14:58 | Build | House |
| 15:01 | Create | Villager (Male) |
| 15:36 | Build | Lumber Camp |
| 15:41 | Research | Castle Age |
| 16:06 | Build | Farm |
| 16:08 | Build | Farm |
| 16:11 | Create | Villager (Male) |
| 16:12 | Create | Villager (Male) |
| 16:41 | Build | House |
| 16:45 | Build | Palisade Wall |
| 17:30 | Create | Villager (Male) |
| 17:35 | Build | House |
| 18:15 | Create | Villager (Male) |
| 18:20 | Build | House |
| 18:21 | Age | Castle Age |
| 18:23 | Build | House |
| 18:28 | Create | Villager (Male) |
| 18:29 | Create | Villager (Male) |
| 18:32 | Create | Villager (Male) |
| 18:36 | Research | Bow Saw |
| 18:39 | Research | Heavy Plow |
| 19:26 | Research | Stone Mining |
| 19:29 | Research | Gold Mining |
| 19:44 | Build | Palisade Wall |
| 19:46 | Build | Palisade Wall |
| 19:49 | Build | Palisade Wall |
| 20:18 | Research | Pikeman (upgrade) |
| 20:25 | Create | Villager (Male) |
| 20:57 | Build | Town Center |
| 21:13 | Build | Siege Workshop |
| 21:26 | Create | Villager (Male) |
| 21:28 | Create | Villager (Male) |
| 21:35 | Research | Stone Shaft Mining |
| 21:56 | Create | Villager (Male) |
| 22:06 | Create | Spearman |
| 22:08 | Create | Spearman |
| 22:19 | Build | House |
| 22:39 | Build | Monastery |
| 22:43 | Create | Villager (Male) |
| 22:45 | Create | Villager (Male) |
| 22:53 | Create | Villager (Male) |
| 22:53 | Create | Villager (Male) |
| 23:18 | Build | Building 800 |
| 23:22 | Build | Palisade Wall |
| 23:26 | Build | Palisade Wall |
| 23:31 | Create | Monk |
| 23:33 | Build | Farm |
| 23:38 | Create | Villager (Male) |
| 23:38 | Create | Villager (Male) |
| 23:43 | Build | Farm |
| 23:51 | Create | Villager (Male) |
| 23:51 | Create | Villager (Male) |
| 24:03 | Build | Castle |
| 24:31 | Build | Town Center |
| 24:56 | Build | Farm |
| 24:56 | Create | Villager (Male) |
| 24:57 | Create | Villager (Male) |
| 25:00 | Create | Villager (Male) |
| 25:03 | Create | Villager (Male) |
| 25:06 | Create | Villager (Male) |
| 25:06 | Create | Villager (Male) |
| 25:09 | Create | Villager (Male) |
| 25:26 | Research | Fletching |
| 25:47 | Build | Farm |
| 26:10 | Create | Mangudai |
| 26:11 | Create | Mangudai |
| 26:12 | Create | Mangudai |
| 26:12 | Create | Mangudai |
| 26:13 | Create | Mangudai |
| 26:18 | Build | Mining Camp |
| 26:23 | Build | Farm |
| 26:35 | Create | Villager (Male) |
| 26:36 | Create | Villager (Male) |
| 26:38 | Create | Villager (Male) |
| 26:38 | Create | Villager (Male) |
| 26:48 | Create | Villager (Male) |
| 26:48 | Create | Villager (Male) |
| 26:48 | Create | Villager (Male) |
| 26:56 | Build | Farm |
| 26:57 | Build | Farm |
| 26:59 | Build | Farm |
| 27:07 | Create | Mangudai |
| 27:22 | Build | Lumber Camp |
| 27:31 | Create | Villager (Male) |
| 27:50 | Create | Villager (Male) |
| 27:50 | Create | Villager (Male) |
| 28:06 | Research | Bodkin Arrow |
Match timeline
| 4:38 | Suteu · wall_segment Palisade Wall x11 |
| 4:47 | ostiinn · resign |
| 6:16 | Suteu · wall_segment Palisade Wall x9 |
| 6:59 | Suteu · wall_segment Palisade Wall x8 |
| 8:09 | Suteu · wall_segment Palisade Wall x5 |
| 9:06 | 绿色火龙果 · first_building Barracks |
| 9:14 | Suteu · wall_segment Palisade Wall x8 |
| 9:44 | Suteu · wall_segment Palisade Wall x8 |
| 9:50 | Suteu · first_building Barracks |
| 9:51 | 绿色火龙果 · age_up feudal |
| 10:37 | Mauroxtraceur · wall_segment Palisade Wall x4 |
| 10:41 | Suteu · wall_segment Palisade Wall x10 |
| 10:48 | Mauroxtraceur · wall_segment Palisade Wall x4 |
| 11:42 | Suteu · age_up feudal |
| 11:57 | Lunkan · age_up feudal |
| 12:08 | Necromancer · age_up feudal |
| 12:38 | Axalon the Everchosen · age_up feudal |
| 12:42 | Kloxy · first_building Barracks |
| 12:56 | Kloxy · age_up feudal |
| 14:11 | Mauroxtraceur · age_up feudal |
| 14:44 | Axalon the Everchosen · first_building Barracks |
| 14:45 | 绿色火龙果 · first_building Archery Range |
| 14:58 | Suteu · first_building Archery Range |
| 15:00 | Mauroxtraceur · first_building Barracks |
| 16:45 | 绿色火龙果 · wall_segment Palisade Wall x1 |
| 16:51 | Mauroxtraceur · wall_segment Palisade Wall x1 |
| 18:21 | 绿色火龙果 · age_up castle |
| 18:33 | Necromancer · age_up castle |
| 19:15 | Axalon the Everchosen · age_up castle |
| 19:38 | Axalon the Everchosen · first_building Siege Workshop |
| 19:44 | 绿色火龙果 · wall_segment Palisade Wall x2 |
| 19:46 | 绿色火龙果 · wall_segment Palisade Wall x1 |
| 19:49 | 绿色火龙果 · wall_segment Palisade Wall x2 |
| 20:11 | Lunkan · age_up castle |
| 20:29 | Suteu · wall_segment Palisade Wall x19 |
| 20:55 | Lunkan · first_building Castle |
| 20:56 | Kloxy · first_building Stable |
| 21:13 | 绿色火龙果 · first_building Siege Workshop |
| 21:52 | Kloxy · age_up castle |
| 21:57 | Lunkan · first_building Barracks |
| 22:19 | Mauroxtraceur · first_building Archery Range |
| 22:39 | 绿色火龙果 · first_building Monastery |
| 23:22 | 绿色火龙果 · wall_segment Palisade Wall x1 |
| 23:26 | 绿色火龙果 · wall_segment Palisade Wall x4 |
| 24:03 | 绿色火龙果 · first_building Castle |
| 24:14 | Lunkan · first_building Monastery |
| 25:03 | Kloxy · first_building Castle |
| 25:29 | Suteu · age_up castle |
| 25:49 | Kloxy · first_building Siege Workshop |
| 25:53 | Necromancer · first_building Barracks |
| 25:56 | Suteu · first_building Castle |
| 26:29 | Axalon the Everchosen · first_market_buy 100 stone |
| 26:38 | Axalon the Everchosen · first_building Castle |
| 28:53 | Mauroxtraceur · first_market_sell 100 wood |
| 28:57 | Mauroxtraceur · first_market_buy 100 food |
| 29:02 | Necromancer · first_building Castle |
| 29:08 | Necromancer · first_building Stable |
| 30:09 | Lunkan · age_up imperial |
| 30:47 | Axalon the Everchosen · first_building Archery Range |
| 31:10 | Suteu · first_building Siege Workshop |
| 31:47 | Suteu · wall_segment Stone Wall x10 |
| 32:49 | Lunkan · first_market_buy 100 stone |
| 32:54 | Lunkan · first_market_sell 100 food |
| 32:55 | Mauroxtraceur · age_up castle |
| 33:04 | Kloxy · first_market_buy 100 food |
| 33:34 | Axalon the Everchosen · first_market_sell 500 wood |
| 34:49 | Suteu · wall_segment Stone Wall x12 |
| 35:19 | 绿色火龙果 · wall_segment Stone Wall x1 |
| 36:10 | Necromancer · first_building Archery Range |
| 36:18 | Kloxy · age_up imperial |
| 36:38 | 绿色火龙果 · age_up imperial |
| 36:50 | Axalon the Everchosen · age_up imperial |
| 37:35 | Suteu · wall_segment Stone Wall x11 |
| 38:17 | Mauroxtraceur · first_building Castle |
| 39:54 | Necromancer · age_up imperial |
| 40:07 | Suteu · first_building Monastery |
| 43:07 | Suteu · age_up imperial |
| 45:12 | 绿色火龙果 · first_building Stable |
| 47:50 | Mauroxtraceur · first_building Siege Workshop |
[ AI ANALYSIS · 1 CREDIT ]
What really happened in this match?
Wolo.gg analyzes every decision: build order, eco, micro, common mistakes by bracket. Personalized analysis on WhatsApp or Discord in 30 seconds.
Civ guide
Shu
Perfil
Jugador #5963722